 Dungeon Crawl Stone Soup version 0.24-a0-539-g6aae15eeb0 (webtiles) character file.

Game seed: 8559882581150838725

1922 DavidChitty2 the Destroyer (level 8, -2/70 HPs)
             Began as a Red Draconian Conjurer on Aug 17, 2019.
             Was a Follower of Vehumet.
             Slain by Harold
             ... wielding a +0 halberd
              (14 damage)
             ... on level 7 of the Dungeon.
             The game lasted 00:11:46 (8349 turns).

DavidChitty2 the Destroyer (Red Draconian Conjurer) Turns: 8349, Time: 00:11:47

Health: -2/70      AC: 15    Str: 11    XL:     8   Next: 96%
Magic:  2/16       EV: 12    Int: 20    God:    Vehumet [*.....]
Gold:   303        SH:  3    Dex: 11    Spells: 10/18 levels left

rFire    + . .     SeeInvis .   a - +3 long sword (protect)
rCold    . . .     Gourm    .   (no shield)
rNeg     . . .     Faith    .   (armour unavailable)
rPois    .         Spirit   .   (helmet restricted)
rElec    .         Reflect  +   (no cloak)
rCorr    .         Harm     .   (no gloves)
MR       .....                  g - +1 pair of boots
Stlth    ++........             z - +3 amulet of reflection
HPRegen  0.21/turn              c - ring of wizardry
MPRegen  0.15/turn              q - +2 ring of intelligence

@: short of breath, protection aura
A: breathe fire, unfitting armour, fire resistance 1, cold-blooded, AC +6
a: Breathe Fire, Renounce Religion


You were on level 7 of the Dungeon.
You worshipped Vehumet.
Vehumet was aware of your devotion.
You were not hungry.

You visited 1 branch of the dungeon, and saw 7 of its levels.

You collected 303 gold pieces.

Inventory:

Hand Weapons
 a - a +3 long sword of protection (weapon)
   (You took it off Blork the orc on level 4 of the Dungeon)
 i - a +0 dagger
   (You took it off a goblin on level 1 of the Dungeon)
 w - a +0 falchion
   (You took it off an orc priest on level 3 of the Dungeon)
Missiles
 r - 21 poisoned darts (quivered)
Armour
 g - a +1 pair of boots (worn)
   (You found it on level 5 of the Dungeon)
Magical Staves
 n - an uncursed staff of power {unknown}
   (You found it on level 6 of the Dungeon)
Jewellery
 b - a +6 ring of dexterity {unknown}
   (You found it on level 5 of the Dungeon)
 c - a ring of wizardry (left hand)
   (You found it on level 1 of the Dungeon)
 p - an uncursed ring of poison resistance {unknown}
   (You found it on level 6 of the Dungeon)
 q - a +2 ring of intelligence (right hand)
   (You found it on level 3 of the Dungeon)
 s - an uncursed ring of fire
   (You found it on level 3 of the Dungeon)
 z - a +3 amulet of reflection (around neck)
   (You found it on level 4 of the Dungeon)
Wands
 h - a wand of enslavement (11)
   (You found it on level 5 of the Dungeon)
Scrolls
 k - 4 scrolls of enchant armour
 m - 2 scrolls of teleportation {@r4}
 t - a scroll of amnesia {unknown}
 x - a scroll of remove curse {@r2}
Potions
 d - 2 potions of flight {unknown}
 f - a potion of berserk rage
 j - 2 potions of magic
 l - a potion of heal wounds {unknown}
 o - 2 potions of lignification {unknown}
 u - 2 potions of agility {unknown}
 v - 3 potions of curing {unknown}
Comestibles
 e - 8 rations {!d}


   Skills:
 + Level 6.1 Fighting
 - Level 1.7 Dodging
 - Level 1.7 Stealth
 + Level 5.6 Spellcasting
 * Level 9.2 Conjurations


You had 10 spell levels left.
You knew the following spells:

 Your Spells              Type           Power        Failure   Level  Hunger
a - Magic Dart            Conj           ####         1%          1    None
b - Sting                 Conj/Pois      ###.         1%          1    None
s - Searing Ray           Conj           #####.       1%          2    None
x - Iskenderun's Mystic   Conj           #####...     1%          4    ####...

Your spell library contained the following spells:

 Spells                   Type           Power        Failure   Level  Hunger
 Dazzling Spray           Conj/Hex       ###...       1%          3    ##.....
 Stone Arrow              Conj/Erth      ###...       1%          3    ##.....
 Animate Skeleton         Necr           N/A          4%          1    None
 Apportation              Tloc           #.....       4%          1    None
 Confusing Touch          Hex            #.....       4%          1    None
 Sandblast                Erth           #.....       4%          1    None
 Summon Small Mammal      Summ           #...         4%          1    None
 Force Lance              Conj/Tloc      ###.....     6%          4    ####...
 Fulminant Prism          Conj/Hex       ###.......   6%          4    ####...
 Passwall                 Tmut/Erth      #.......     7%          2    None
 Petrify                  Tmut/Erth      #.......     38%         4    ####...
 Lee's Rapid Deconstruct  Erth           #.........   73%         5    #####..


Dungeon Overview and Level Annotations

Branches:
Dungeon (7/15)             Temple (0/1) D:7

Altars:
Gozag
Sif Muna
Uskayaw
Vehumet
Wu Jian
Xom

Shops:
D:5 %}[

Annotations:
D:7 Harold


Innate Abilities, Weirdness & Mutations

You can breathe blasts of fire.
Your fiery red scales are hard. (AC +6)
You cannot fit into any form of body armour.
Your flesh is heat resistant. (rF+)
You are cold-blooded and may be slowed by cold attacks.


Message History

You now have 303 gold pieces (gained 21).
You open the door.
There is an open door here.
You open the door.
There is an open door here.
As you open the door, it creaks loudly!
There is an open door here.
You open the door.
There is an open door here.
Found a wand of random effects (9).
You open the door.
Found a stone staircase leading down.
There is an open door here.
Harold the Weathered comes into view.
He is wielding a +0 halberd and wearing a +4 chain mail of magic resistance.
Aim: Harold, wielding a +0 halberd and wearing a +4 chain mail of magic resistance (resting)
The orb of energy hits Harold!
Harold shouts!
Harold throws a throwing net.
The throwing net hits you.
You become entangled in the net!
You struggle against the net.
Harold gestures at you while chanting. The harpoon shot hits you.
You are yanked forward by the harpoon shot.
Aim: Harold, wielding a +0 halberd and wearing a +4 chain mail of magic resistance (lightly wounded)
You breathe a blast of fire.
The fiery breath hits Harold.
You feel somewhat more hungry. Harold hits you with a +0 halberd!
Aim: Harold, wielding a +0 halberd and wearing a +4 chain mail of magic resistance (lightly wounded)
The orb of energy hits Harold but does no damage.
The orb of energy explodes!
You are starving!
Harold hits you with a +0 halberd.
You eat one of the 9 rations {!d}.
That ration really hit the spot!
Harold hits you but does no damage.
Aim: Harold, wielding a +0 halberd and wearing a +4 chain mail of magic resistance (lightly wounded)
The orb of energy hits Harold but does no damage.
The orb of energy explodes!
Harold hits you with a +0 halberd!
* * * LOW HITPOINT WARNING * * *
Aim: Harold, wielding a +0 halberd and wearing a +4 chain mail of magic resistance (lightly wounded)
The orb of energy hits Harold!
You hit Harold but do no damage.
Your weapon exudes an aura of protection.
Harold hits you but does no damage. Harold hits you with a +0 halberd.
* * * LOW HITPOINT WARNING * * *
You hit Harold. Harold hits you but does no damage.
You slash Harold! Harold hits you with a +0 halberd!
* * * LOW HITPOINT WARNING * * *
You hit Harold. Harold hits you with a +0 halberd.
* * * LOW HITPOINT WARNING * * *
You barely miss Harold. Harold hits you with a +0 halberd!
You die...

........#..........#...#.
........#..........#...#.
........'......../.#...#.
.......(#....##...######.
#.......#....#######...#.
#.......#.....'...#....#.
#......>#######...#....#.
#.............#...'....#.
#.......@.....#######'##.
+.......@...............#
#.......................#
.......................#
#######................#
#................#
#......###########
#......#


You could see Harold.

Vanquished Creatures
  Pikel (D:7)
  Menkaure (D:7)
  2 ice beasts
  2 slaves (D:7)
  2 phantoms (D:6)
  An ogre (D:4)
  A centaur (D:7)
  A bullfrog (D:7)
  Blork the orc (D:4)
  A scorpion (D:4)
  A crimson imp (D:6)
  3 orc priests
  A hound (D:4)
  A bullfrog skeleton (D:4)
  Natasha (thrice) (D:2)
  6 orc wizards
  A hound zombie (D:6)
  A hound skeleton (D:6)
  5 adders
  A shadow imp (D:6)
  2 adder skeletons
  3 worms
  2 dart slugs
  A leopard gecko (D:3)
  15 orcs
  9 giant cockroaches
  9 goblins
  6 hobgoblins
  4 jackals (D:4)
  9 kobolds
  7 quokkas
  A ball python (D:3)
  A ball python skeleton (D:4)
  10 bats
  2 frilled lizards
  7 rats
124 creatures vanquished.

Notes
Turn   | Place    | Note
-------+----------+-------------------------------------------
     0 | D:1      | DavidChitty2 the Draconian Conjurer began the quest for the
                  | Orb.
     0 | D:1      | Reached XP level 1. HP: 14/14 MP: 3/3
   265 | D:1      | Reached XP level 2. HP: 22/22 MP: 1/5
   429 | D:1      | Learned a level 2 spell: Searing Ray
   495 | D:1      | Reached skill level 1 in Fighting
  1066 | D:2      | Reached XP level 3. HP: 28/28 MP: 2/6
  1485 | D:2      | Noticed Natasha
  1497 | D:2      | Killed Natasha
  1865 | D:2      | Noticed Natasha
  1873 | D:2      | Killed Natasha
  1873 | D:2      | Reached skill level 5 in Conjurations
  1873 | D:2      | Reached XP level 4. HP: 36/36 MP: 2/8
  1935 | D:2      | Learned a level 4 spell: Iskenderun's Mystic Blast
  1967 | D:2      | Noticed Natasha
  1971 | D:2      | Killed Natasha
  2281 | D:3      | Reached XP level 5. HP: 36/42 MP: 3/9
  2947 | D:3      | Found a radiant altar of Vehumet.
  2956 | D:3      | Became a worshipper of Vehumet
  3188 | D:3      | Found a faded altar of an unknown god.
  3327 | D:4      | Found a shimmering blue altar of Sif Muna.
  3554 | D:4      | Reached XP level 6. HP: 48/50 MP: 7/10
  3873 | D:4      | Reached skill level 6 in Conjurations
  4062 | D:4      | Noticed Blork the orc
  4072 | D:4      | Killed Blork the orc
  4866 | D:4      | Reached * piety under Vehumet
  4866 | D:4      | Offered knowledge of Sting by Vehumet.
  4869 | D:4      | Learned a level 1 spell: Sting
  4932 | D:4      | Found a shimmering altar of Xom.
  4932 | D:4      | Found a hide-covered altar of Uskayaw.
  5180 | D:5      | Entered Level 5 of the Dungeon
  5392 | D:5      | Found an opulent altar of Gozag.
  5513 | D:5      | Your scales start taking on a fiery red colour.
  5513 | D:5      | Reached XP level 7. HP: 58/58 MP: 8/12
  5513 | D:5      | Gained mutation: Your flesh is heat resistant. (rF+) [Red
                  | Draconian growth]
  5752 | D:5      | Found Weosogin's Gadget Emporium.
  5811 | D:5      | Found Wauro's Food Shop.
  5828 | D:5      | Found Edicrese's Armour Boutique.
  6172 | D:6      | Reached skill level 7 in Conjurations
  6455 | D:6      | Found an ornate altar of the Wu Jian Council.
  6934 | D:6      | Reached XP level 8. HP: 54/67 MP: 0/14
  7628 | D:7      | Reached skill level 5 in Fighting
  7628 | D:7      | Reached skill level 8 in Conjurations
  7746 | D:7      | Noticed Menkaure
  7753 | D:7      | Killed Menkaure
  7876 | D:7      | Noticed Pikel
  7996 | D:7      | Killed Pikel
  7996 | D:7      | Reached skill level 5 in Spellcasting
  7996 | D:7      | Reached skill level 9 in Conjurations
  8179 | D:7      | Found a staircase to the Ecumenical Temple.
  8337 | D:7      | Noticed Harold
  8349 | D:7      | Slain by Harold

Levels and vault maps discovered:
D:1:      dpeg_arrival_houses_and_road, layout_basic, nrook_campfire
D:2:      layout_loops_ring, minivault_23, roderic_lattice_a, uniq_natasha
D:3:      layout_rooms, old_standard_altar, chequers_ecumenical_altar_lobes
D:4:      wander_river, layout_basic, lemuel_blue_sif_altar,
          gammafunk_temple_overflow_elements, first_ration, uniq_blork_the_orc
D:5:      layout_gridville, serial_shops, nicolae_shop_trees, shop,
          kennysheep_mini, nicolae_gozag_cash_rules_everything_around_me
D:6:      layout_loops_corners, lemuel_round_altar
D:7:      layout_gridville, old_standard_altar,
          minmay_temple_entry_antechambers, uniq_pikel, uniq_menkaure,
          uniq_harold

Skill      XL: |  1  2  3  4  5  6  7  8 |
---------------+-------------------------+-----
Fighting       | 1 2 3 4 6 |  6.1
Conjurations   | 5 6 7 9 |  9.2
Spellcasting   | 3 4 5 |  5.6
Dodging        | |  1.7
Stealth        | |  1.7

Action                   |  1- 3 |  4- 6 |  7- 9 || total
-------------------------+-------+-------+-------++-------
Melee: Unarmed           |    12 |       |       ||    12
       Tailslap          |     1 |     2 |     4 ||     7
       Dagger            |       |     3 |       ||     3
       Falchion          |       |     3 |       ||     3
       Long sword        |       |       |    23 ||    23
 Cast: Magic Dart        |    55 |   157 |   125 ||   337
       Searing Ray       |     2 |     7 |       ||     9
       Iskenderun's Myst |       |       |    14 ||    14
 Abil: Breathe Fire      |       |       |     5 ||     5
  Use: Scroll            |       |    15 |     1 ||    16
  Eat: Chunk             |     3 |    12 |     6 ||    21
       Ration            |       |       |     2 ||     2
Armor: Skin              |     5 |     5 |    44 ||    54
Dodge: Dodged            |    11 |    29 |    45 ||    85
Block: Other             |       |       |     5 ||     5
       Rpst.: Falchion   |       |     8 |       ||     8
       Long sword        |       |     2 |    10 ||    12

Table legend:
 A = Non-vault XP
 B = Vault XP
 C = Vault XP percentage of total XP
 D = Non-vault monster count
 E = Vault monster count
 F = Vault count percentage of total count
                 A         B        C        D         E       F
            +---------+---------+-------+---------+---------+-------
      Total |    1775 |     971 |  35.4 |     118 |       4 |   3.3
            +---------+---------+-------+---------+---------+-------
        D:1 |      36 |       0 |   0.0 |      21 |       0 |   0.0
        D:2 |      85 |      35 |  29.2 |      11 |       1 |   8.3
        D:3 |     148 |       0 |   0.0 |      29 |       0 |   0.0
        D:4 |     319 |      91 |  22.2 |      23 |       1 |   4.2
        D:5 |     139 |       0 |   0.0 |      11 |       0 |   0.0
        D:6 |     703 |       0 |   0.0 |      19 |       0 |   0.0
        D:7 |     345 |     845 |  71.0 |       4 |       2 |  33.3
            +---------+---------+-------+---------+---------+-------
